Map: 데이터-C

Players

Quaz

  • Race: Zerg Zerg
  • Spawn Location: 3:00

Jinioh - Winner!

  • Race: Terran Terran
  • Spawn Location: 9:00

Event: DreamHack SC2 Masters 2022 Atlanta (Offline)

VOD

Have the link to the VOD?

Description

Time

  • Played on: Nov. 18, 2022, 1:37 p.m.
  • Length: 10:39

All games in this series

Show
View Real Time Build Order
Export as new Build Order

Quaz Zerg 

Build Orders: Pool First 

Get SALT Encoding   

  12  0:00  Drone  
  13  0:13  Overlord  
  13  0:16  Drone  
  14  0:32  Drone x2  
  16  0:37  Drone  
  16  0:42  Extractor  
  16  0:47  Spawning Pool  
  15  0:50  Drone  
  15  0:57  Drone  
  17  1:08  Drone  
  18  1:20  Hatchery  
  18  1:24  Drone  
  18  1:34  Zergling x2  
  18  1:38  Queen  
  21  1:45  Metabolic Boost  
  21  1:53  Drone  
  22  2:04  Overlord  
  21  2:23  Zergling x2  
  21  2:25  Queen  
  21  2:27  Drone x2  
  26  2:41  Drone x2  
  28  2:45  Drone  
  28  2:46  Hatchery  
  28  2:59  Drone x3  
  30  3:09  Zergling x8  
  34  3:15  Overlord  
  34  3:27  Zergling x2  
  34  3:29  Overlord  
  35  3:46  Spore Crawler  
  34  3:52  Drone x2  
  34  3:55  Spore Crawler  
  37  4:03  Drone x8  
  37  4:08  Queen  
  47  4:10  Queen  
  47  4:12  Zergling x10  
  54  4:17  Lair, Baneling Nest  
  54  4:23  Overlord  
  54  4:24  Overlord  
  53  4:38  Drone x4  
  57  4:58  Spore Crawler  
  55  5:05  Spore Crawler  
  54  5:09  Spore Crawler, Drone x9  
  54  5:10  Drone x3  
  65  5:14  Evolution Chamber  
  65  5:16  Evolution Chamber  
  63  5:23  Overlord  
  63  5:24  Overlord x2  
  62  5:32  Overlord x2  
  62  5:41  Drone x2, Extractor  
  62  5:42  Drone x6, Extractor x3  
  66  5:44  Zerg Ground Armor Level 1  
  66  5:48  Centrifugal Hooks  
  65  6:12  Drone x3  
  65  6:13  Drone x9  
  73  6:25  Zergling x2  
  73  6:26  Zergling x6  
  73  6:27  Zerg Melee Weapons Level 1  
  75  6:39  Zergling x10  
  80  6:50  Zergling x12  
  80  6:51  Baneling  
  80  6:52  Baneling x7  
  86  6:55  Overlord x2  
  86  6:56  Zergling x10  
  91  7:02  Hatchery  
  91  7:05  Baneling x4  
  91  7:06  Zergling x2  
  91  7:07  Zergling x4  
  91  7:08  Baneling x3  
  79  7:31  Zergling x2  
  79  7:32  Zergling x24  
  85  7:42  Zergling x6  
  80  7:53  Baneling x6  
  80  7:54  Overlord  
  80  7:56  Queen  
  80  7:57  Queen  
  84  7:59  Drone  
  84  8:04  Baneling x3  
  85  8:11  Hatchery  
  82  8:13  Queen  
  82  8:15  Zergling x10  
  82  8:16  Zergling x8  
  87  8:39  Hatchery  
  84  8:41  Baneling x3  
  84  8:42  Baneling x2  
  84  8:49  Baneling x4  
  84  9:02  Zergling x8  
  73  9:03  Zergling x24  
  73  9:09  Baneling x2  
  83  9:19  Zergling x28  
  83  9:22  Baneling x3  
  83  9:23  Baneling x4  
  95  9:24  Queen  
  97  9:34  Spore Crawler  
  97  9:37  Drone  
  97  9:38  Drone x6  
  103  9:44  Hydralisk Den  
  101  9:48  Infestation Pit  
  84  10:03  Zergling x8  
  84  10:04  Zergling x24  
Show
View Real Time Build Order
Export as new Build Order

Jinioh Terran - Winner!

Build Orders: Reaper Expand 

Get SALT Encoding   

  12  0:00  SCV  
  13  0:12  SCV  
  14  0:17  Supply Depot  
  14  0:24  SCV  
  15  0:38  SCV  
  15  0:39  Barracks  
  15  0:42  Refinery  
  16  0:50  SCV  
  17  1:02  SCV  
  18  1:14  SCV  
  19  1:25  Reaper  
  19  1:27  Orbital Command  
  20  1:40  Command Center  
  20  1:47  Supply Depot  
  20  1:52  SCV  
  21  1:57  Marine  
  22  2:04  SCV  
  23  2:09  Factory  
  23  2:15  Marine  
  23  2:17  Refinery  
  24  2:26  Bunker  
  24  2:27  SCV  
  25  2:34  Barracks Tech Lab  
  25  2:39  SCV  
  26  2:52  SCV  
  26  2:53  Starport  
  27  2:59  Barracks Tech Lab  
  27  3:03  Orbital Command  
  27  3:04  SCV  
  28  3:11  Cyclone  
  31  3:19  SCV  
  32  3:28  Barracks Reactor  
  32  3:30  SCV  
  32  3:31  Supply Depot, SCV  
  34  3:35  Banshee  
  37  3:42  SCV  
  37  3:43  SCV  
  39  3:54  SCV  
  40  3:58  SCV  
  40  4:02  Supply Depot  
  40  4:06  SCV  
  40  4:09  Supply Depot  
  41  4:12  Hellion x2  
  41  4:15  SCV  
  46  4:18  Banshee  
  46  4:19  SCV  
  46  4:20  Supply Depot  
  50  4:27  SCV  
  50  4:29  Supply Depot  
  50  4:31  SCV  
  52  4:38  Command Center  
  52  4:39  SCV  
  52  4:41  Stimpack  
  52  4:43  SCV  
  54  4:51  SCV  
  55  4:54  Barracks  
  55  4:59  Factory Reactor  
  55  5:00  Barracks, SCV  
  55  5:01  Marine  
  55  5:04  SCV  
  58  5:09  Engineering Bay x2  
  58  5:12  SCV, Starport Reactor  
  56  5:16  Refinery, SCV  
  56  5:18  Refinery  
  57  5:24  SCV  
  58  5:28  SCV  
  58  5:29  Marine  
  58  5:32  Supply Depot  
  60  5:36  Barracks, SCV  
  60  5:37  Barracks  
  60  5:38  Terran Infantry Weapons Level 1  
  60  5:41  SCV, Terran Infantry Armor Level 1  
  62  5:48  SCV  
  62  5:49  Marine  
  64  5:50  Siege Tank  
  64  5:52  Marine x2  
  64  5:53  SCV  
  70  6:01  SCV  
  70  6:02  Marine x2  
  73  6:05  SCV, Medivac x2  
  73  6:07  Marine  
  79  6:13  SCV  
  79  6:17  SCV, Orbital Command  
  79  6:18  Marine x2  
  79  6:19  Marine  
  79  6:20  Marine  
  79  6:24  Siege Tank  
  79  6:25  SCV, Marine  
  88  6:26  Combat Shield  
  88  6:36  Marine x2  
  90  6:40  Barracks, Missile Turret  
  90  6:41  Barracks, Missile Turret  
  90  6:43  Barracks Reactor x2  
  90  6:49  Barracks  
  90  6:50  Missile Turret  
  90  6:51  Marine  
  90  6:52  Marine  
  90  6:53  Marine  
  93  6:55  Missile Turret, Marine  
  93  6:57  SCV  
  93  6:58  SCV  
  97  7:01  SCV  
  97  7:03  Marine  
  98  7:08  Armory  
  98  7:09  Marine  
  98  7:10  SCV x2, Marine  
  98  7:13  Marine x2  
  98  7:14  SCV  
  105  7:22  SCV x2  
  107  7:24  Marine x3  
  107  7:25  Marine x2  
  107  7:27  Marine  
  107  7:28  Marine  
  107  7:30  Marine x2  
  104  7:41  Marine  
  104  7:42  Marine x2  
  104  7:43  Marine x2  
  103  7:45  Marine x2  
  103  7:48  Marine x2  
  107  7:51  SCV  
  108  7:59  Marine  
  108  8:00  Factory  
  108  8:01  Refinery, Terran Infantry Weapons Level 2  
  109  8:05  Terran Infantry Armor Level 2  
  109  8:07  Marine  
  109  8:09  Marine x3  
  109  8:10  Command Center  
  109  8:12  Marine x2  
  115  8:13  Marine  
  115  8:14  Marine  
  115  8:18  Marine  
  117  8:23  Supply Depot, SCV  
  117  8:25  Supply Depot, Marine  
  119  8:27  SCV, Marine x2  
  119  8:30  Marine x3  
  125  8:37  Marine  
  124  8:41  Marine  
  124  8:44  Medivac x2, Siege Tank, Marine x4  
  124  8:48  SCV  
  137  8:49  Marine x2  
  137  8:50  Marine, Factory Reactor  
  137  8:52  SCV  
  137  8:55  Marine  
  142  9:00  Marine  
  142  9:02  Marine  
  126  9:07  Marine x4  
  126  9:08  SCV  
  126  9:09  Marine x2  
  132  9:10  Marine x3  
  132  9:13  Marine  
  132  9:16  SCV  
  137  9:17  Marine  
  137  9:19  Marine  
  134  9:25  Marine x4  
  134  9:28  Widow Mine  
  134  9:29  Widow Mine x2, Sensor Tower  
  144  9:35  Sensor Tower  
  144  9:38  Barracks Tech Lab x3  
  144  9:41  Marauder, Marine x4  
  144  9:42  Marine  
  144  9:45  Marine  
  152  9:48  SCV  
  152  9:51  Marine  
  136  10:01  Marauder, Marine  
  136  10:02  Marauder  
  136  10:04  SCV, Marauder, Marine x2  
  136  10:07  Command Center  
  136  10:14  Marauder, Marine  
  133  10:16  Marine x3  
  133  10:20  Marine x2  
  133  10:23  SCV  
Tags
 
Add a new tag
Caveats
  • Supply blocks, unpowered buildings, or Contaminate may cause inaccurate times.
  • Supply counts are checked every 10 seconds.